AoeStats
← ChaKA

Arena

504871150Analyzed
2v2 RM · 26d ago on Sep 6, 2026· 34m 26s· 4 players
Game mode
Random Map
Map size
Medium (4 player)
Population
200
Speed
Normal
Resources
Standard
Victory
Conquest
Starting age
Dark Age
Ending age
Imperial Age
RankedLock teamsTeams togetherTeam positionsShared explorationLock speedFull tech treeHidden civsTurbo modeCheats
Victory
Defeat
🇦🇷 Khmer · Argentina
974
+16
🇦🇷 Turks · Argentina
952
+17
🇧🇷 Teutons · Brazil
994
-18
🇧🇷 Persians · Brazil
943
-15
BRAM
13:24 Feudal Age
11:40 Loom
14:42 Gold Mining
14:33 Horse Collar
14:41 Double-Bit Axe
24:28 Castle Age
23:23 Stone Mining
24:03 Scale Barding Armor
24:08 Forging
25:51 Husbandry
26:02 Bloodlines
ChaKA
10:46 Feudal Age
12:11 Loom
15:12 Castle Age
15:57 Double-Bit Axe
23:58 Imperial Age
26:19 Fletching
26:31 Padded Archer Armor
BARBARUIVA
9:15 Loom
11:18 Feudal Age
16:14 Castle Age
14:52 Double-Bit Axe
15:08 Horse Collar
15:37 Gold Mining
21:17 Fletching
22:46 Bodkin Arrow
28:32 Ironclad
29:07 Scale Mail Armor
28:59 Arson
29:22 Squires
Fabian
0:28 Loom
15:27 Feudal Age
16:37 Wheelbarrow
16:10 Double-Bit Axe
16:28 Horse Collar
21:07 Castle Age
19:14 Gold Mining
19:35 Stone Mining
20:43 Scale Barding Armor
21:48 Hand Cart
22:16 Bow Saw
22:09 Heavy Plow
23:43 Husbandry
25:08 Bloodlines
25:58 Chain Barding Armor
28:16 Stone Shaft Mining
28:19 Gold Shaft Mining
29:40 Stone Shaft Mining
34:05 Imperial Age
31:53 Murder Holes
34:04 Elite War Elephant
Connection lost

Rejoining the realm…

Still unreachable

The connection could not be restored.

Session expired

The server has moved on; the page needs a fresh start.